Admirals NSH vs Crunch

Created - Monday, December 22, 2014 at 22:29

Goals
1 2 3 T
Admirals NSH 0 1 0 1
Crunch 0 1 1 2
Shots
1 2 3 T
Admirals NSH 2 8 5 15
Crunch 11 7 13 31

1st period

No Goal

Penalties :
Nick Jensen (SYR) for Fighting (Major) at 3:08, Frazer McLaren (MIL) for Fighting (Major) at 3:08, Corban Knight (SYR) for Cross-checking (Minor) at 4:12

2nd period

1. Crunch , Brodie Reid 3 (Matt Lindblad, Phillip Danault) at 5:44
2. Admirals NSH , Matt Fraser 8 (Frazer McLaren, Brody Sutter) at 7:49 (PP)

Penalties :
Nick Jensen (SYR) for Hooking (Minor) at 7:05, Jyrki Jokipakka (MIL) for Tripping (Minor) at 14:03, Corban Knight (SYR) for Roughing (Double Minor) at 14:36

3rd period

3. Crunch , Taylor Pyatt 23 (Ryan Strome, Zach Trotman) at 6:05 (PP)

Penalties :
Corban Knight (SYR) for Tripping (Minor) at 0:48, Frazer McLaren (MIL) for Cross-checking (Minor) at 4:44, Jordin Tootoo (SYR) for Fighting (Major) at 6:24, Frazer McLaren (MIL) for Fighting (Major) at 6:24, Cameron Schilling (MIL) for Hooking (Minor) at 8:20, Mike Blunden (MIL) for Hooking (Minor) at 14:07

Goalie Stats

Johan Gustafsson (MIL), 29 saves from 31 shots - (0.935), L, 14-23-2, 59:24 minutes
Richard Bachman (SYR), 14 saves from 15 shots - (0.933), W, 6-3-2, 60:00 minutes

Players Stats for Admirals NSH

Player Name              G  A  P  +/- PIM S  H  SB GA TA FO     MP     PP MP  PK MP  
------------------------------------------------------------------------------------
Adam Cracknell           0  0  0   0  0   3  1  1  2  0  3/9    16:02   3:22   1:11 
Alexey Marchenko         0  0  0   0  0   0  1  2  0  2  0/0    21:29   2:53   2:23 
Brody Sutter             0  1  1   0  0   1  1  1  1  1  4/7    18:35   3:48   0:00 
Cameron Schilling        0  0  0  -1  2   0  0  0  1  1  0/0    13:35   0:00   0:33 
Corey Tropp              0  0  0   0  0   3  3  0  3  2  3/4    19:03   3:22   0:00 
Frazer McLaren           0  1  1   0  12  0  6  0  0  1  0/0    15:00   2:49   0:00 
Frederic St. Denis       0  0  0   0  0   0  0  0  0  0  0/0     0:23   0:00   0:00 
Fredrik Claesson         0  0  0   0  0   0  1  3  0  2  0/0    25:31   4:22   3:29 
Jamie Tardif             0  0  0  -1  0   0  1  1  0  0  0/0    20:21   1:14   3:55 
Jyrki Jokipakka          0  0  0   0  2   1  3  1  0  2  0/0    24:09   4:27   2:56 
Marcel Noebels           0  0  0   0  0   0  0  0  0  0  0/0     9:27   0:00   0:00 
Matt Fraser              1  0  1   0  0   3  2  0  5  1  0/0    19:23   3:48   0:47 
Mike Blunden             0  0  0   0  2   0  1  1  0  0  5/9    22:11   2:54   3:23 
Nikita Nesterov          0  0  0  -1  0   1  1  1  0  0  0/0    13:53   0:00   0:00 
Patrick Mullen           0  0  0   0  0   0  1  3  1  0  0/0    21:29   2:53   2:23 
Pierre-Cedric Labrie     0  0  0  -1  0   2  1  0  1  2  0/0    16:39   0:23   0:00 
Wade Megan               0  0  0  -1  0   1  0  3  1  3  5/13   15:26   0:00   2:28 
Zach Hamill              0  0  0   0  0   0  0  0  0  0  0/0     0:00   0:00   0:00 

Players Stats for Crunch

Player Name              G  A  P  +/- PIM S  H  SB GA TA FO     MP     PP MP  PK MP  
------------------------------------------------------------------------------------
Andre Petersson          0  0  0   0  0   0  2  0  1  0  0/0    16:54   2:57   0:00 
Anton Zlobin             0  0  0   0  0   0  1  0  0  0  0/0     9:37   0:00   0:00 
Brett Skinner            0  0  0   0  0   2  1  0  0  1  0/0    18:43   0:00   2:37 
Brodie Reid              1  0  1   1  0   1  0  0  1  0  1/1     9:18   0:00   0:00 
Chad Billins             0  0  0   1  0   4  1  1  0  1  0/0    23:03   3:10   4:22 
Corban Knight            0  0  0   0  8   4  1  0  0  0  7/13   15:27   2:54   0:00 
Danny Syvret             0  0  0   1  0   1  0  0  0  1  0/0    23:15   3:10   4:07 
Eriah Hayes              0  0  0   0  0   3  4  0  3  1  0/0    14:54   2:55   0:00 
Jordin Tootoo            0  0  0   0  5   5  3  0  4  1  1/1    13:10   1:53   0:00 
Karl Stollery            0  0  0   0  0   0  1  3  0  1  0/0    19:13   2:42   0:51 
Matt Lindblad            0  1  1   1  0   3  2  0  5  1  0/1    12:59   0:00   3:14 
Nick Jensen              0  0  0   0  7   1  2  0  0  0  0/0    16:31   0:00   1:42 
Phillip Danault          0  1  1   1  0   1  1  0  2  0  3/3    14:06   0:26   3:14 
Ryan Strome              0  1  1   0  0   2  1  1  3  0  9/18   19:11   2:57   0:51 
Stanislav Galiev         0  0  0   0  0   0  0  0  2  0  0/0    12:56   0:00   3:10 
Taylor Pyatt             1  0  1   0  0   2  5  0  7  2  0/1    19:47   3:33   0:51 
Travis Oleksuk           0  0  0   0  0   0  2  0  1  1  1/4    12:56   0:00   3:10 
Zach Trotman             0  1  1   0  0   2  1  3  1  1  0/0    19:13   2:42   0:51 

3 Stars

1 - Taylor Pyatt (SYR)
2 - Brodie Reid (SYR)
3 - Matt Fraser (MIL)

Power Play

Admirals NSH - 1 on 5 Attempt(s) - 20.00%
Crunch - 1 on 4 Attempt(s) - 25.00%

Penalty Kill

Admirals NSH - 3 on 4 Attempt(s) - 75.00% - Score 0 goal in Penalty Kill
Crunch - 4 on 5 Attempt(s) - 80.00% - Score 0 goal in Penalty Kill

Official

Referees : Unknown
Linesman : Unknown

Game Notes

Frazer McLaren beats up Nick Jensen at 3:08 of 1st period
Frazer McLaren beats up Jordin Tootoo at 6:24 of 3rd period

Finance

Level 1 -- Attendance: 1497 (74.85%) -- Ticket Income $37,425
Level 2 -- Attendance: 764 (76.40%) -- Ticket Income $7,640
Total Attendance: 2261 (75.37%)
Total Ticket Income: $45,065
Other Income: $22,082
Total Income: $67,147

Admirals NSH

5 vs 5 Forward 
   Center                   Left Wing                Right Wing               Time % Phy DF OF 
 1 Adam Cracknell           Mike Blunden             Corey Tropp              28     1   2  2  
 2 Brody Sutter             Frazer McLaren           Matt Fraser              28     1   2  2  
 3 Wade Megan               Pierre-Cedric Labrie     Jamie Tardif             22     1   2  2  
 4 Corey Tropp              Marcel Noebels           Mike Blunden             22     1   2  2  

5 vs 5 Defense 
   Defense                  Defense                                           Time % Phy DF OF 
 1 Fredrik Claesson         Jyrki Jokipakka                                   30     1   2  2  
 2 Patrick Mullen           Alexey Marchenko                                  28     1   2  2  
 3 Nikita Nesterov          Cameron Schilling                                 21     1   2  2  
 4 Fredrik Claesson         Jyrki Jokipakka                                   21     1   2  2  

PowerPlay Forward 
   Center                   Left Wing                Right Wing               Time % Phy DF OF 
 1 Adam Cracknell           Mike Blunden             Corey Tropp              60     1   2  2  
 2 Brody Sutter             Frazer McLaren           Matt Fraser              40     1   2  2  

PowerPlay Defense
   Defense                  Defense                                           Time % Phy DF OF 
 1 Fredrik Claesson         Jyrki Jokipakka                                   60     1   2  2  
 2 Patrick Mullen           Alexey Marchenko                                  40     1   2  2  

Penalty Kill 4 Players Forward 
   Center                   Wing                     Time % Phy DF OF 
 1 Mike Blunden             Jamie Tardif             60     1   2  2  
 2 Corey Tropp              Brody Sutter             40     1   2  2  

Penalty Kill 4 Players Defense
   Defense                  Defense                  Time % Phy DF OF 
 1 Fredrik Claesson         Jyrki Jokipakka          60     1   2  2  
 2 Patrick Mullen           Alexey Marchenko         40     1   2  2  

Penalty Kill - 3 Players Forward 
   Forward                                           Time % Phy DF OF 
 1 Mike Blunden                                      60     1   2  2  
 2 Corey Tropp                                       40     1   2  2  

Penalty Kill - 3 Players Defense
   Defense                  Defense                  Time % Phy DF OF 
 1 Fredrik Claesson         Jyrki Jokipakka          60     1   2  2  
 2 Patrick Mullen           Alexey Marchenko         40     1   2  2  

4 vs 4 Forward 
   Center                   Wing                     Time % Phy DF OF 
 1 Mike Blunden             Pierre-Cedric Labrie     60     1   2  2  
 2 Corey Tropp              Brody Sutter             40     1   2  2  

4 vs 4 Defense
   Defense                  Defense                  Time % Phy DF OF 
 1 Fredrik Claesson         Jyrki Jokipakka          60     1   2  2  
 2 Patrick Mullen           Alexey Marchenko         40     1   2  2  

Last Minutes Offensive
   Center                   Left Wing                Right Wing               Defense                  Defense                  
   Adam Cracknell           Mike Blunden             Corey Tropp              Fredrik Claesson         Jyrki Jokipakka          

Last Minutes Defensive
   Center                   Left Wing                Right Wing               Defense                  Defense                  
   Adam Cracknell           Mike Blunden             Corey Tropp              Fredrik Claesson         Jyrki Jokipakka          

Goaltenders
Starting : Johan Gustafsson         
Backup : Jeremy Smith             

Extra Forwards
Normal : Jamie Tardif, Pierre-Cedric Labrie, Wade Megan - PP : Jamie Tardif, Pierre-Cedric Labrie - PK : Wade Megan
Extra Defensemen
Normal : Nikita Nesterov, Cameron Schilling, Patrick Mullen - PP : Nikita Nesterov - PK : Cameron Schilling, Patrick Mullen
Penalty Shots
Mike Blunden, Wade Megan, Corey Tropp, Brody Sutter, Frazer McLaren

Crunch

5 vs 5 Forward 
   Center                   Left Wing                Right Wing               Time % Phy DF OF 
 1 Ryan Strome              Andre Petersson          Taylor Pyatt             35     1   2  2  
 2 Corban Knight            Jordin Tootoo            Eriah Hayes              30     1   2  2  
 3 Travis Oleksuk           Stanislav Galiev         Anton Zlobin             20     1   2  2  
 4 Phillip Danault          Matt Lindblad            Brodie Reid              15     1   2  2  

5 vs 5 Defense 
   Defense                  Defense                                           Time % Phy DF OF 
 1 Danny Syvret             Chad Billins                                      34     1   2  2  
 2 Zach Trotman             Karl Stollery                                     33     1   2  2  
 3 Nick Jensen              Brett Skinner                                     33     1   2  2  
 4 Danny Syvret             Chad Billins                                      0      0   5  0  

PowerPlay Forward 
   Center                   Left Wing                Right Wing               Time % Phy DF OF 
 1 Ryan Strome              Andre Petersson          Taylor Pyatt             60     0   1  4  
 2 Corban Knight            Jordin Tootoo            Eriah Hayes              40     0   2  3  

PowerPlay Defense
   Defense                  Defense                                           Time % Phy DF OF 
 1 Danny Syvret             Chad Billins                                      60     0   2  3  
 2 Zach Trotman             Karl Stollery                                     40     0   2  3  

Penalty Kill 4 Players Forward 
   Center                   Wing                     Time % Phy DF OF 
 1 Travis Oleksuk           Stanislav Galiev         50     1   4  0  
 2 Phillip Danault          Matt Lindblad            50     1   4  0  

Penalty Kill 4 Players Defense
   Defense                  Defense                  Time % Phy DF OF 
 1 Nick Jensen              Brett Skinner            50     1   4  0  
 2 Danny Syvret             Chad Billins             50     1   4  0  

Penalty Kill - 3 Players Forward 
   Forward                                           Time % Phy DF OF 
 1 Travis Oleksuk                                    50     1   4  0  
 2 Phillip Danault                                   50     1   4  0  

Penalty Kill - 3 Players Defense
   Defense                  Defense                  Time % Phy DF OF 
 1 Nick Jensen              Brett Skinner            50     1   4  0  
 2 Danny Syvret             Chad Billins             50     1   4  0  

4 vs 4 Forward 
   Center                   Wing                     Time % Phy DF OF 
 1 Ryan Strome              Taylor Pyatt             60     0   1  4  
 2 Corban Knight            Jordin Tootoo            40     1   2  2  

4 vs 4 Defense
   Defense                  Defense                  Time % Phy DF OF 
 1 Danny Syvret             Chad Billins             50     1   2  2  
 2 Zach Trotman             Karl Stollery            50     1   2  2  

Last Minutes Offensive
   Center                   Left Wing                Right Wing               Defense                  Defense                  
   Ryan Strome              Andre Petersson          Taylor Pyatt             Danny Syvret             Chad Billins             

Last Minutes Defensive
   Center                   Left Wing                Right Wing               Defense                  Defense                  
   Ryan Strome              Andre Petersson          Taylor Pyatt             Danny Syvret             Chad Billins             

Goaltenders
Starting : Richard Bachman          
Backup : Michael Houser           

Extra Forwards
Normal : Taylor Pyatt, Ryan Strome, Jordin Tootoo - PP : Taylor Pyatt, Ryan Strome - PK : Taylor Pyatt
Extra Defensemen
Normal : Danny Syvret, Chad Billins, Zach Trotman - PP : Danny Syvret - PK : Danny Syvret, Chad Billins
Penalty Shots
Andre Petersson, Ryan Strome, Eriah Hayes, Jordin Tootoo, Corban Knight

% Time on Ice - Admirals NSH

Lines # - Real PCT - Wanted PCT - Time Play
Normal Forward
1 - 21% - 28% - 9:33
2 - 33% - 28% - 14:47
3 - 26% - 22% - 11:39
4 - 20% - 22% - 8:56
Normal Defense
1 - 25% - 30% - 11:20
2 - 34% - 28% - 15:28
3 - 29% - 21% - 13:00
4 - 11% - 21% - 5:07
PP Forward
1 - 48% - 60% - 3:27
2 - 52% - 40% - 3:48
PP Defense
1 - 60% - 60% - 4:22
2 - 40% - 40% - 2:53
PK Forward
1 - 100% - 60% - 5:52
2 - 0% - 40% - 0:00
PK Defense
1 - 59% - 60% - 3:29
2 - 41% - 40% - 2:23
PK3 Forward
1 - 0% - 60%
2 - 0% - 40%
PK3 Defense
1 - 0% - 60%
2 - 0% - 40%
44 Forward
1 - 100% - 60% - 1:26
2 - 0% - 40% - 0:00
44 Defense
1 - 62% - 60% - 0:53
2 - 38% - 40% - 0:33
Last Minute Offensive  - 0:32
Last Minute Defensive  - 0:00
Total
Forward - 60:00
Defense - 60:00

% Time on Ice - Crunch

Lines # - Real PCT - Wanted PCT - Time Play
Normal Forward
1 - 31% - 35% - 13:46
2 - 28% - 30% - 12:26
3 - 21% - 20% - 9:37
4 - 21% - 15% - 9:18
Normal Defense
1 - 33% - 34% - 15:06
2 - 32% - 33% - 14:31
3 - 34% - 33% - 15:30
4 - 0% - 0% - 0:00
PP Forward
1 - 50% - 60% - 2:57
2 - 50% - 40% - 2:55
PP Defense
1 - 54% - 60% - 3:10
2 - 46% - 40% - 2:42
PK Forward
1 - 55% - 50% - 4:01
2 - 45% - 50% - 3:14
PK Defense
1 - 36% - 50% - 2:37
2 - 64% - 50% - 4:38
PK3 Forward
1 - 0% - 50%
2 - 0% - 50%
PK3 Defense
1 - 0% - 50%
2 - 0% - 50%
44 Forward
1 - 100% - 60% - 1:26
2 - 0% - 40% - 0:00
44 Defense
1 - 0% - 50% - 0:00
2 - 100% - 50% - 1:26
Last Minute Offensive  - 0:00
Last Minute Defensive  - 0:20
Total
Forward - 60:00
Defense - 60:00

Play by Play

1st period


0:01 of 1st period - Adam Cracknell wins face-off versus Ryan Strome in neutral zone.
0:51 of 1st period - Danny Syvret is hit by Frazer McLaren and loses puck.
1:38 of 1st period - Stanislav Galiev is hit by Nikita Nesterov and loses puck.
1:49 of 1st period - Jamie Tardif is hit by Anton Zlobin and loses puck.
2:53 of 1st period - Snap shot by Matt Lindblad.
2:53 of 1st period - Stopped by Johan Gustafsson without a rebound.
2:54 of 1st period - Ryan Strome wins face-off versus Brody Sutter in Admirals NSH zone.
2:55 of 1st period - Snap shot by Taylor Pyatt.
2:55 of 1st period - Stopped by Johan Gustafsson with a rebound.
3:08 of 1st period - Frazer McLaren beats up Nick Jensen.
3:08 of 1st period - Penalty to Nick Jensen for Fighting.
3:08 of 1st period - Penalty to Frazer McLaren for Fighting.
3:09 of 1st period - Ryan Strome wins face-off versus Wade Megan in Admirals NSH zone.
3:38 of 1st period - Fredrik Claesson is hit by Taylor Pyatt and loses puck.
3:58 of 1st period - Adam Cracknell is hit by Eriah Hayes and loses puck.
4:03 of 1st period - Snap shot by Eriah Hayes.
4:03 of 1st period - Deflect By Jordin Tootoo.
4:03 of 1st period - Shot Misses the Net.
4:03 of 1st period - Puck is out of play.
4:04 of 1st period - Brody Sutter wins face-off versus Corban Knight in Admirals NSH zone.
4:12 of 1st period - Minor Penalty to Corban Knight for Cross-checking.
4:13 of 1st period - Travis Oleksuk wins face-off versus Adam Cracknell in Crunch zone.
5:41 of 1st period - Brody Sutter is hit by Travis Oleksuk and loses puck.
6:04 of 1st period - Pierre-Cedric Labrie is hit by Chad Billins and loses puck.
6:12 of 1st period - Penalty to Corban Knight is over, Corban Knight is back on ice.
6:18 of 1st period - Pierre-Cedric Labrie is hit by Matt Lindblad and loses puck.
6:42 of 1st period - Wrist shot by Jamie Tardif.
6:42 of 1st period - Shot Misses the Net.
7:02 of 1st period - Snap shot by Corey Tropp.
7:02 of 1st period - Shot Misses the Net.
7:04 of 1st period - Slapshot by Nikita Nesterov.
7:04 of 1st period - Shot Hit the Post.
7:36 of 1st period - Corban Knight is hit by Matt Fraser and loses puck.
7:47 of 1st period - Zach Trotman is hit by Fredrik Claesson and loses puck.
8:12 of 1st period - Anton Zlobin is hit by Pierre-Cedric Labrie.
8:51 of 1st period - Brodie Reid is hit by Jyrki Jokipakka and loses puck.
9:10 of 1st period - Snap shot by Matt Fraser.
9:10 of 1st period - Shot Misses the Net.
9:12 of 1st period - Wrist shot by Brody Sutter.
9:12 of 1st period - Shot Misses the Net.
9:52 of 1st period - Jamie Tardif is hit by Ryan Strome and loses puck.
9:58 of 1st period - Off-side.
9:59 of 1st period - Jordin Tootoo wins face-off versus Adam Cracknell in neutral zone.
10:02 of 1st period - Wrist shot by Eriah Hayes.
10:02 of 1st period - Stopped by Johan Gustafsson with a rebound.
10:04 of 1st period - Snap shot by Corban Knight.
10:04 of 1st period - Stopped by Johan Gustafsson with a rebound.
10:06 of 1st period - Slapshot by Danny Syvret.
10:06 of 1st period - Deflect By Jamie Tardif.
10:06 of 1st period - Stopped by Johan Gustafsson with a rebound.
10:08 of 1st period - Wrist shot by Chad Billins.
10:08 of 1st period - Shot Misses the Net.
10:12 of 1st period - Snap shot by Jordin Tootoo.
10:12 of 1st period - Stopped by Johan Gustafsson with a rebound.
10:14 of 1st period - Wrist shot by Eriah Hayes.
10:14 of 1st period - Shot Misses the Net.
10:16 of 1st period - Slapshot by Chad Billins.
10:16 of 1st period - Stopped by Johan Gustafsson with a rebound.
10:18 of 1st period - Slapshot by Chad Billins.
10:18 of 1st period - Stopped by Johan Gustafsson with a rebound.
10:28 of 1st period - Snap shot by Jordin Tootoo.
10:28 of 1st period - Shot Misses the Net.
10:30 of 1st period - Snap shot by Jordin Tootoo.
10:30 of 1st period - Deflect By Eriah Hayes.
10:30 of 1st period - Shot Misses the Net.
10:30 of 1st period - Puck is out of play.
10:31 of 1st period - Corey Tropp wins face-off versus Travis Oleksuk in Admirals NSH zone.
10:36 of 1st period - Marcel Noebels is hit by Travis Oleksuk.
11:42 of 1st period - Snap shot by Wade Megan.
11:42 of 1st period - Stopped by Richard Bachman without a rebound.
11:43 of 1st period - Wade Megan wins face-off versus Ryan Strome in Crunch zone.
11:54 of 1st period - Adam Cracknell is hit by Andre Petersson and loses puck.
12:32 of 1st period - Zach Trotman is hit by Frazer McLaren and loses puck.
12:37 of 1st period - Slapshot by Matt Fraser.
12:37 of 1st period - Stopped by Richard Bachman with a rebound.
13:03 of 1st period - Snap shot by Jordin Tootoo.
13:03 of 1st period - Stopped by Johan Gustafsson with a rebound.
13:29 of 1st period - Brodie Reid is hit by Matt Fraser.
13:33 of 1st period - Patrick Mullen is hit by Phillip Danault and loses puck.
14:56 of 1st period - Wrist shot by Pierre-Cedric Labrie.
14:56 of 1st period - Shot Blocked by Zach Trotman.
15:28 of 1st period - Snap shot by Brodie Reid.
15:28 of 1st period - Shot Blocked by Nikita Nesterov.
16:20 of 1st period - Pierre-Cedric Labrie is hit by Jordin Tootoo and loses puck.
17:03 of 1st period - Wrist shot by Matt Lindblad.
17:03 of 1st period - Stopped by Johan Gustafsson without a rebound.
17:04 of 1st period - Brodie Reid wins face-off versus Mike Blunden in Admirals NSH zone.
17:34 of 1st period - Wrist shot by Travis Oleksuk.
17:34 of 1st period - Shot Misses the Net.
17:36 of 1st period - Slapshot by Stanislav Galiev.
17:36 of 1st period - Shot Misses the Net.
17:49 of 1st period - Off-side.
17:50 of 1st period - Corban Knight wins face-off versus Wade Megan in neutral zone.
19:03 of 1st period - Slapshot by Adam Cracknell.
19:03 of 1st period - Shot Misses the Net.
19:35 of 1st period - Snap shot by Phillip Danault.
19:35 of 1st period - Stopped by Johan Gustafsson with a rebound.
19:45 of 1st period - Slapshot by Phillip Danault.
19:45 of 1st period - Shot Blocked by Brody Sutter.
19:47 of 1st period - Slapshot by Karl Stollery.
19:47 of 1st period - Shot Misses the Net.
Goals for this period are 0 for Admirals NSH vs 0 for Crunch.
Shots for this period are 2 for Admirals NSH vs 11 for Crunch.

2nd period


0:01 of 2nd period - Ryan Strome wins face-off versus Adam Cracknell in neutral zone.
0:20 of 2nd period - Snap shot by Adam Cracknell.
0:20 of 2nd period - Stopped by Richard Bachman with a rebound.
0:22 of 2nd period - Slapshot by Fredrik Claesson.
0:22 of 2nd period - Shot Misses the Net.
0:24 of 2nd period - Wrist shot by Corey Tropp.
0:24 of 2nd period - Stopped by Richard Bachman with a rebound.
0:26 of 2nd period - Snap shot by Adam Cracknell.
0:26 of 2nd period - Shot Misses the Net.
0:28 of 2nd period - Snap shot by Adam Cracknell.
0:28 of 2nd period - Stopped by Richard Bachman without a rebound.
0:29 of 2nd period - Wade Megan wins face-off versus Corban Knight in Crunch zone.
1:22 of 2nd period - Travis Oleksuk is hit by Frazer McLaren and loses puck.
1:46 of 2nd period - Snap shot by Frazer McLaren.
1:46 of 2nd period - Shot Blocked by Chad Billins.
2:59 of 2nd period - Nick Jensen is hit by Jamie Tardif and loses puck.
3:06 of 2nd period - Pierre-Cedric Labrie is hit by Nick Jensen and loses puck.
3:30 of 2nd period - Matt Lindblad is hit by Frazer McLaren and loses puck.
3:43 of 2nd period - Snap shot by Eriah Hayes.
3:43 of 2nd period - Shot Misses the Net.
4:11 of 2nd period - Zach Trotman is hit by Corey Tropp and loses puck.
4:38 of 2nd period - Slapshot by Danny Syvret.
4:38 of 2nd period - Shot Blocked by Adam Cracknell.
5:42 of 2nd period - Wrist shot by Matt Lindblad.
5:42 of 2nd period - Stopped by Johan Gustafsson with a rebound.
5:44 of 2nd period - Snap shot by Brodie Reid.
5:44 of 2nd period - Goal by Brodie Reid - Admirals NSH : 0 - Crunch : 1.
5:45 of 2nd period - Wade Megan wins face-off versus Corban Knight in neutral zone.
6:04 of 2nd period - Wrist shot by Jordin Tootoo.
6:04 of 2nd period - Stopped by Johan Gustafsson without a rebound.
6:05 of 2nd period - Wade Megan wins face-off versus Corban Knight in Admirals NSH zone.
6:15 of 2nd period - Wrist shot by Jordin Tootoo.
6:15 of 2nd period - Shot Blocked by Fredrik Claesson.
6:17 of 2nd period - Wrist shot by Eriah Hayes.
6:17 of 2nd period - Shot Misses the Net.
6:19 of 2nd period - Wrist shot by Eriah Hayes.
6:19 of 2nd period - Stopped by Johan Gustafsson with a rebound.
6:21 of 2nd period - Snap shot by Corban Knight.
6:21 of 2nd period - Stopped by Johan Gustafsson without a rebound.
6:22 of 2nd period - Brody Sutter wins face-off versus Ryan Strome in Admirals NSH zone.
6:22 of 2nd period - Brody Sutter is hit by Nick Jensen.
6:28 of 2nd period - Brett Skinner is hit by Alexey Marchenko and loses puck.
6:39 of 2nd period - Slapshot by Matt Fraser.
6:39 of 2nd period - Stopped by Richard Bachman with a rebound.
6:41 of 2nd period - Snap shot by Brody Sutter.
6:41 of 2nd period - Shot Misses the Net.
7:05 of 2nd period - Minor Penalty to Nick Jensen for Hooking.
7:06 of 2nd period - Adam Cracknell wins face-off versus Travis Oleksuk in Crunch zone.
7:49 of 2nd period - Snap shot by Matt Fraser.
7:49 of 2nd period - Goal by Matt Fraser - Admirals NSH : 1 - Crunch : 1.
7:50 of 2nd period - Ryan Strome wins face-off versus Wade Megan in neutral zone.
8:06 of 2nd period - Snap shot by Jamie Tardif.
8:06 of 2nd period - Shot Blocked by Ryan Strome.
8:48 of 2nd period - Nick Jensen is hit by Brody Sutter.
8:56 of 2nd period - Nick Jensen is hit by Frazer McLaren and loses puck.
9:41 of 2nd period - Stanislav Galiev is hit by Jyrki Jokipakka and loses puck.
10:13 of 2nd period - Wrist shot by Jamie Tardif.
10:13 of 2nd period - Deflect By Matt Lindblad.
10:13 of 2nd period - Shot Misses the Net.
10:13 of 2nd period - Puck is out of play.
10:14 of 2nd period - Phillip Danault wins face-off versus Wade Megan in Crunch zone.
10:19 of 2nd period - Backhand shot by Brodie Reid.
10:19 of 2nd period - Shot Blocked by Wade Megan.
10:27 of 2nd period - Wrist shot by Matt Lindblad.
10:27 of 2nd period - Shot Misses the Net.
10:29 of 2nd period - Snap shot by Zach Trotman.
10:29 of 2nd period - Shot Blocked by Wade Megan.
10:31 of 2nd period - Slapshot by Zach Trotman.
10:31 of 2nd period - Shot Blocked by Patrick Mullen.
10:52 of 2nd period - Icing by Alexey Marchenko.
10:53 of 2nd period - Brody Sutter wins face-off versus Ryan Strome in Admirals NSH zone.
11:02 of 2nd period - Wrist shot by Taylor Pyatt.
11:02 of 2nd period - Shot Misses the Net.
11:04 of 2nd period - Slapshot by Nick Jensen.
11:04 of 2nd period - Shot Blocked by Alexey Marchenko.
12:25 of 2nd period - Wrist shot by Travis Oleksuk.
12:25 of 2nd period - Shot Misses the Net.
12:33 of 2nd period - Wrist shot by Travis Oleksuk.
12:33 of 2nd period - Shot Blocked by Fredrik Claesson.
12:35 of 2nd period - Slapshot by Travis Oleksuk.
12:35 of 2nd period - Shot Blocked by Fredrik Claesson.
12:37 of 2nd period - Snap shot by Anton Zlobin.
12:37 of 2nd period - Deflect By Travis Oleksuk.
12:37 of 2nd period - Shot Misses the Net.
12:37 of 2nd period - Puck is out of play.
12:38 of 2nd period - Phillip Danault wins face-off versus Wade Megan in Admirals NSH zone.
13:46 of 2nd period - Taylor Pyatt is hit by Adam Cracknell and loses puck.
14:03 of 2nd period - Minor Penalty to Jyrki Jokipakka for Tripping.
14:04 of 2nd period - Mike Blunden wins face-off versus Corban Knight in Admirals NSH zone.
14:04 of 2nd period - Mike Blunden is hit by Corban Knight.
14:36 of 2nd period - Double Minor Penalty to Corban Knight for Roughing.
14:37 of 2nd period - Mike Blunden wins face-off versus Ryan Strome in Crunch zone.
14:38 of 2nd period - Slapshot by Pierre-Cedric Labrie.
14:38 of 2nd period - Shot Misses the Net.
14:44 of 2nd period - Wrist shot by Mike Blunden.
14:44 of 2nd period - Shot Blocked by Karl Stollery.
14:46 of 2nd period - Snap shot by Mike Blunden.
14:46 of 2nd period - Shot Blocked by Karl Stollery.
14:48 of 2nd period - Wrist shot by Pierre-Cedric Labrie.
14:48 of 2nd period - Stopped by Richard Bachman without a rebound.
14:49 of 2nd period - Mike Blunden wins face-off versus Ryan Strome in Crunch zone.
14:58 of 2nd period - Backhand shot by Pierre-Cedric Labrie.
14:58 of 2nd period - Shot Blocked by Zach Trotman.
15:00 of 2nd period - Wrist shot by Nikita Nesterov.
15:00 of 2nd period - Stopped by Richard Bachman with a rebound.
15:12 of 2nd period - Snap shot by Taylor Pyatt.
15:12 of 2nd period - Shot Blocked by Mike Blunden.
15:29 of 2nd period - Icing by Taylor Pyatt.
15:30 of 2nd period - Mike Blunden wins face-off versus Ryan Strome in Crunch zone.
15:43 of 2nd period - Snap shot by Mike Blunden.
15:43 of 2nd period - Shot Misses the Net.
15:45 of 2nd period - Wrist shot by Pierre-Cedric Labrie.
15:45 of 2nd period - Shot Misses the Net.
15:55 of 2nd period - Pierre-Cedric Labrie is hit by Zach Trotman and loses puck.
16:02 of 2nd period - Slapshot by Alexey Marchenko.
16:02 of 2nd period - Shot Blocked by Zach Trotman.
16:03 of 2nd period - Penalty to Jyrki Jokipakka is over, Jyrki Jokipakka is back on ice.
16:04 of 2nd period - Slapshot by Alexey Marchenko.
16:04 of 2nd period - Shot Blocked by Karl Stollery.
17:02 of 2nd period - Phillip Danault is hit by Corey Tropp and loses puck.
17:43 of 2nd period - Snap shot by Corey Tropp.
17:43 of 2nd period - Stopped by Richard Bachman with a rebound.
18:36 of 2nd period - Penalty to Corban Knight is over, Corban Knight is back on ice.
19:08 of 2nd period - Wrist shot by Jordin Tootoo.
19:08 of 2nd period - Shot Misses the Net.
19:10 of 2nd period - Snap shot by Jordin Tootoo.
19:10 of 2nd period - Shot Misses the Net.
19:12 of 2nd period - Snap shot by Corban Knight.
19:12 of 2nd period - Stopped by Johan Gustafsson with a rebound.
19:14 of 2nd period - Snap shot by Eriah Hayes.
19:14 of 2nd period - Shot Misses the Net.
19:16 of 2nd period - Slapshot by Chad Billins.
19:16 of 2nd period - Stopped by Johan Gustafsson without a rebound.
19:17 of 2nd period - Corey Tropp wins face-off versus Travis Oleksuk in Admirals NSH zone.
Goals for this period are 1 for Admirals NSH vs 1 for Crunch.
Shots for this period are 8 for Admirals NSH vs 7 for Crunch.

3rd period


0:01 of 3rd period - Adam Cracknell wins face-off versus Ryan Strome in neutral zone.
0:10 of 3rd period - Slapshot by Corey Tropp.
0:10 of 3rd period - Stopped by Richard Bachman with a rebound.
0:12 of 3rd period - Wrist shot by Mike Blunden.
0:12 of 3rd period - Shot Misses the Net.
0:14 of 3rd period - Slapshot by Jyrki Jokipakka.
0:14 of 3rd period - Deflect By Andre Petersson.
0:14 of 3rd period - Stopped by Richard Bachman with a rebound.
0:22 of 3rd period - Wrist shot by Adam Cracknell.
0:22 of 3rd period - Stopped by Richard Bachman without a rebound.
0:23 of 3rd period - Corban Knight wins face-off versus Brody Sutter in Crunch zone.
0:36 of 3rd period - Brody Sutter is hit by Brett Skinner and loses puck.
0:48 of 3rd period - Minor Penalty to Corban Knight for Tripping.
0:49 of 3rd period - Phillip Danault wins face-off versus Adam Cracknell in Crunch zone.
1:10 of 3rd period - Corey Tropp is hit by Matt Lindblad and loses puck.
1:48 of 3rd period - Chad Billins is hit by Frazer McLaren and loses puck.
2:48 of 3rd period - Penalty to Corban Knight is over, Corban Knight is back on ice.
3:03 of 3rd period - Wade Megan is hit by Taylor Pyatt and loses puck.
3:35 of 3rd period - Nikita Nesterov is hit by Taylor Pyatt.
3:39 of 3rd period - Jamie Tardif is hit by Taylor Pyatt and loses puck.
4:04 of 3rd period - Backhand shot by Marcel Noebels.
4:04 of 3rd period - Deflect By Corey Tropp.
4:04 of 3rd period - Shot Misses the Net.
4:04 of 3rd period - Puck is out of play.
4:05 of 3rd period - Corey Tropp wins face-off versus Matt Lindblad in Crunch zone.
4:44 of 3rd period - Minor Penalty to Frazer McLaren for Cross-checking.
4:45 of 3rd period - Mike Blunden wins face-off versus Ryan Strome in Admirals NSH zone.
5:10 of 3rd period - Snap shot by Ryan Strome.
5:10 of 3rd period - Shot Misses the Net.
5:12 of 3rd period - Slapshot by Zach Trotman.
5:12 of 3rd period - Stopped by Johan Gustafsson with a rebound.
5:14 of 3rd period - Snap shot by Andre Petersson.
5:14 of 3rd period - Deflect By Jamie Tardif.
5:14 of 3rd period - Shot Misses the Net.
5:14 of 3rd period - Puck is out of play.
5:15 of 3rd period - Corban Knight wins face-off versus Mike Blunden in Admirals NSH zone.
5:35 of 3rd period - Slapshot by Jordin Tootoo.
5:35 of 3rd period - Deflect By Eriah Hayes.
5:35 of 3rd period - Shot Misses the Net.
5:35 of 3rd period - Puck is out of play.
5:36 of 3rd period - Ryan Strome wins face-off versus Wade Megan in Admirals NSH zone.
5:51 of 3rd period - Snap shot by Ryan Strome.
5:51 of 3rd period - Stopped by Johan Gustafsson without a rebound.
5:52 of 3rd period - Ryan Strome wins face-off versus Wade Megan in Admirals NSH zone.
5:57 of 3rd period - Snap shot by Andre Petersson.
5:57 of 3rd period - Shot Misses the Net.
5:59 of 3rd period - Snap shot by Karl Stollery.
5:59 of 3rd period - Shot Blocked by Wade Megan.
6:01 of 3rd period - Slapshot by Zach Trotman.
6:01 of 3rd period - Stopped by Johan Gustafsson with a rebound.
6:03 of 3rd period - Snap shot by Ryan Strome.
6:03 of 3rd period - Stopped by Johan Gustafsson with a rebound.
6:05 of 3rd period - Wrist shot by Taylor Pyatt.
6:05 of 3rd period - Goal by Taylor Pyatt - Admirals NSH : 1 - Crunch : 2.
6:06 of 3rd period - Brody Sutter wins face-off versus Corban Knight in neutral zone.
6:11 of 3rd period - Fredrik Claesson is hit by Jordin Tootoo.
6:19 of 3rd period - Slapshot by Jordin Tootoo.
6:19 of 3rd period - Stopped by Johan Gustafsson with a rebound.
6:23 of 3rd period - Snap shot by Jordin Tootoo.
6:23 of 3rd period - Shot Blocked by Jyrki Jokipakka.
6:24 of 3rd period - Frazer McLaren beats up Jordin Tootoo.
6:24 of 3rd period - Penalty to Jordin Tootoo for Fighting.
6:24 of 3rd period - Penalty to Frazer McLaren for Fighting.
6:25 of 3rd period - Ryan Strome wins face-off versus Adam Cracknell in Admirals NSH zone.
6:59 of 3rd period - Snap shot by Adam Cracknell.
6:59 of 3rd period - Shot Misses the Net.
7:15 of 3rd period - Wrist shot by Brody Sutter.
7:15 of 3rd period - Stopped by Richard Bachman without a rebound.
7:16 of 3rd period - Corban Knight wins face-off versus Brody Sutter in Crunch zone.
7:41 of 3rd period - Snap shot by Corban Knight.
7:41 of 3rd period - Shot Blocked by Patrick Mullen.
7:43 of 3rd period - Slapshot by Brett Skinner.
7:43 of 3rd period - Shot Blocked by Alexey Marchenko.
7:45 of 3rd period - Slapshot by Brett Skinner.
7:45 of 3rd period - Stopped by Johan Gustafsson with a rebound.
7:47 of 3rd period - Wrist shot by Eriah Hayes.
7:47 of 3rd period - Stopped by Johan Gustafsson with a rebound.
7:49 of 3rd period - Wrist shot by Brett Skinner.
7:49 of 3rd period - Stopped by Johan Gustafsson with a rebound.
7:51 of 3rd period - Snap shot by Corban Knight.
7:51 of 3rd period - Stopped by Johan Gustafsson with a rebound.
7:53 of 3rd period - Snap shot by Brett Skinner.
7:53 of 3rd period - Shot Misses the Net.
8:20 of 3rd period - Minor Penalty to Cameron Schilling for Hooking.
8:21 of 3rd period - Ryan Strome wins face-off versus Mike Blunden in Admirals NSH zone.
9:22 of 3rd period - Wrist shot by Corban Knight.
9:22 of 3rd period - Deflect By Jamie Tardif.
9:22 of 3rd period - Shot Misses the Net.
9:22 of 3rd period - Puck is out of play.
9:23 of 3rd period - Corban Knight wins face-off versus Mike Blunden in Admirals NSH zone.
9:41 of 3rd period - Zach Trotman is hit by Patrick Mullen.
9:54 of 3rd period - Alexey Marchenko is hit by Eriah Hayes and loses puck.
10:05 of 3rd period - Slapshot by Ryan Strome.
10:05 of 3rd period - Shot Misses the Net.
10:07 of 3rd period - Slapshot by Andre Petersson.
10:07 of 3rd period - Shot Hit the Post.
10:09 of 3rd period - Slapshot by Zach Trotman.
10:09 of 3rd period - Shot Blocked by Patrick Mullen.
10:20 of 3rd period - Penalty to Cameron Schilling is over, Cameron Schilling is back on ice.
12:30 of 3rd period - Jamie Tardif is hit by Taylor Pyatt.
13:42 of 3rd period - Slapshot by Matt Lindblad.
13:42 of 3rd period - Shot Misses the Net.
13:44 of 3rd period - Slapshot by Chad Billins.
13:44 of 3rd period - Stopped by Johan Gustafsson with a rebound.
13:46 of 3rd period - Snap shot by Brodie Reid.
13:46 of 3rd period - Shot Misses the Net.
13:48 of 3rd period - Backhand shot by Phillip Danault.
13:48 of 3rd period - Shot Misses the Net.
14:07 of 3rd period - Minor Penalty to Mike Blunden for Hooking.
14:08 of 3rd period - Corban Knight wins face-off versus Wade Megan in Admirals NSH zone.
14:10 of 3rd period - Snap shot by Corban Knight.
14:10 of 3rd period - Shot Misses the Net.
14:12 of 3rd period - Wrist shot by Danny Syvret.
14:12 of 3rd period - Shot Misses the Net.
14:14 of 3rd period - Snap shot by Chad Billins.
14:14 of 3rd period - Shot Misses the Net.
14:31 of 3rd period - Snap shot by Eriah Hayes.
14:31 of 3rd period - Shot Blocked by Jamie Tardif.
14:33 of 3rd period - Wrist shot by Jordin Tootoo.
14:33 of 3rd period - Stopped by Johan Gustafsson without a rebound.
14:34 of 3rd period - Wade Megan wins face-off versus Taylor Pyatt in Admirals NSH zone.
14:34 of 3rd period - Wade Megan is hit by Karl Stollery.
15:12 of 3rd period - Zach Trotman is hit by Jyrki Jokipakka and loses puck.
15:54 of 3rd period - Jyrki Jokipakka is hit by Andre Petersson and loses puck.
16:07 of 3rd period - Penalty to Mike Blunden is over, Mike Blunden is back on ice.
16:07 of 3rd period - Jyrki Jokipakka is hit by Eriah Hayes and loses puck.
16:48 of 3rd period - Wrist shot by Nick Jensen.
16:48 of 3rd period - Stopped by Johan Gustafsson with a rebound.
17:52 of 3rd period - Wrist shot by Frazer McLaren.
17:52 of 3rd period - Shot Misses the Net.
17:54 of 3rd period - Wrist shot by Patrick Mullen.
17:54 of 3rd period - Deflect By Pierre-Cedric Labrie.
17:54 of 3rd period - Stopped by Richard Bachman with a rebound.
18:22 of 3rd period - Danny Syvret is hit by Corey Tropp and loses puck.
18:39 of 3rd period - Backhand shot by Frazer McLaren.
18:39 of 3rd period - Shot Misses the Net.
19:02 of 3rd period - Marcel Noebels is hit by Eriah Hayes.
19:09 of 3rd period - Off-side.
19:10 of 3rd period - Mark Morris call a timeout for Admirals NSH.
19:10 of 3rd period - Corban Knight wins face-off versus Corey Tropp in neutral zone.
19:15 of 3rd period - Pierre-Cedric Labrie is hit by Jordin Tootoo and loses puck.
19:24 of 3rd period - Admirals NSH, Johan Gustafsson is pulled from the net.
19:24 of 3rd period - Slapshot by Alexey Marchenko.
19:24 of 3rd period - Shot Misses the Net.
19:39 of 3rd period - Off-side.
19:40 of 3rd period - Ryan Strome wins face-off versus Adam Cracknell in neutral zone.
19:54 of 3rd period - Ryan Strome is hit by Mike Blunden and loses puck.
19:59 of 3rd period - Wrist shot by Adam Cracknell.
19:59 of 3rd period - Shot Misses the Net.
Goals for this period are 0 for Admirals NSH vs 1 for Crunch.
Shots for this period are 5 for Admirals NSH vs 13 for Crunch.


Output by the SimonT Hockey Simulator (STHS) for Eric Dolegowski -- Original Page W3C XHTML 1.0 Valid
Hockey Simulator - Hockey Simulation - Hockey Manager